 Dungeon Crawl Stone Soup version 0.29-a0-1027-gcd8c55af63 (webtiles) character file.

Game seed: 16607780724604253277

74 27heaven the Magician (level 4, -5/32 HPs)
             Began as a Barachi Hedge Wizard on Aug 12, 2022.
             Killed from afar by Sigmund (8 damage)
             ... with a magic dart
             ... on level 2 of the Dungeon.
             The game lasted 00:04:44 (2741 turns).

27heaven the Magician (Barachi Hedge Wizard)        Turns: 2741, Time: 00:04:45

Health: -5/32      AC:  3    Str: 11    XL:     4   Next: 28%
Magic:  9/9        EV: 12    Int: 16    God:
Gold:   99         SH:  0    Dex: 12    Spells: 5/10 levels left

rFire   . . .      SeeInvis .   a - +0 dagger
rCold   . . .      Faith    .   (no shield)
rNeg    . . .      Spirit   .   b - +0 robe
rPois   .          Reflect  .   c - +0 hat
rElec   .          Harm     .   i - +0 cloak
rCorr   .          Rampage  .   (no gloves)
Will    .....                   (no boots)
Stlth   ++........              (no amulet)
HPRegen 0.10/turn               (no ring)
MPRegen 0.11/turn               (no ring)

@: slow
A: amphibious, slowness 1, strong legs 1, +LOS
a: Hop


You were on level 2 of the Dungeon.
You visited 1 branch of the dungeon, and saw 2 of its levels.

You collected 99 gold pieces.

Inventory:

Hand Weapons
 a - a +0 dagger (weapon)
Missiles
 g - 10 poisoned darts
 q - a throwing net
Armour
 b - a +0 robe (worn)
 c - a +0 hat (worn)
 i - a +0 cloak (worn)
Scrolls
 h - 2 scrolls of teleportation {unknown}
 j - 3 scrolls of magic mapping {unknown}
 k - a scroll of enchant armour {unknown}
 m - 3 scrolls of identify {unknown}
 p - a scroll of brand weapon {unknown}
Potions
 d - a potion of magic
 e - a potion of resistance {unknown}
 f - a potion of ambrosia
 l - a potion of attraction {unknown}
 n - a potion of cancellation {unknown}
 o - a potion of mutation {unknown}


   Skills:
 + Level 1.2 Fighting
 + Level 0.9 Armour
 + Level 2.4 Dodging
 - Level 1.7 Stealth
 * Level 3.7 Spellcasting
 * Level 2.1 Conjurations
 * Level 2.1 Summonings
 * Level 2.1 Translocations


You had 5 spell levels left.
You knew the following spells:

 Your Spells              Type           Power      Damage    Failure   Level
a - Magic Dart            Conj           36%        1d4       8%          1
b - Call Imp              Summ           9%         N/A       11%         2
c - Blink                 Tloc           18%        N/A       11%         2

Your spell library contained the following spells:

 Spells                   Type           Power      Damage    Failure   Level
 Apportation              Tloc           18%        N/A       7%          1
 Summon Small Mammal      Summ           36%        N/A       8%          1
 Necrotise                Necr           8%         1d4       17%         1
 Slow                     Hex            8%         N/A       17%         1
 Conjure Flame            Conj/Fire      6%         6-21      34%         3
 Mephitic Cloud           Conj/Pois/Air  5%         N/A       36%         3
 Animate Dead             Necr           2%         N/A       86%         4
 Borgnjor's Vile Clutch   Necr/Erth      1%         N/A       99%         5


Dungeon Overview and Level Annotations

Branches:
Dungeon (2/15)

Altars:

Annotations:
D:2 Sigmund


Innate Abilities, Weirdness & Mutations

You are amphibious.
You cover ground slowly.
You can hop short distances.
You have an extended range of vision and can be seen from far away.


Message History

You hit Sigmund.
Sigmund is lightly wounded.
Sigmund misses you.
You closely miss Sigmund.
Sigmund is lightly wounded.
You completely miss Sigmund.
Sigmund is lightly wounded.
Sigmund hits you with a +4 vorpal scythe.
You hit Sigmund but do no damage.
Sigmund is lightly wounded.
Sigmund closely misses you.
You hit Sigmund but do no damage.
Sigmund is lightly wounded.
You closely miss Sigmund.
Sigmund is lightly wounded.
Sigmund barely misses you.
You barely miss Sigmund.
Sigmund is lightly wounded.
Sigmund says, "Look into my eyes."
Sigmund hits you with a +4 vorpal scythe!
You hit Sigmund.
Sigmund is lightly wounded.
Your crimson imp blinks!
You hit Sigmund.
Sigmund is lightly wounded.
Sigmund casts a spell.
Sigmund flickers and vanishes!
Deactivating autopickup; reactivate with Ctrl-A.
You closely miss something. Something hits you.
You hit something. Something barely misses you.
You closely miss something.
Okay, then.
You swap places.
Something hits you!
* * * LOW HITPOINT WARNING * * *
x2 Your crimson imp disappears in a puff of smoke!
Something hits you.
* * * LOW HITPOINT WARNING * * *
x2 A magic dart appears from out of thin air!
The magic dart hits you!
You die...

...+......'....#
#........#.
#.##......###..#
##########.
#..#......# #..# #.
##.########
#..####### . ##.#
#..#...@.+ ##.##
#####..#{# ##..#
#......#ยง# ###.##
#.####.#.#
.....####.# #.#@#
.......##.# #.#.#
.......+..# #.#.#
.......####
#.#.##### ###+####
####...# #.#.....#
#.......
#...#######+#####'##
#.......
#...#...##.........#
#.......
###.#...##.........#
#.......
#.....##.........#
#.......


There were no monsters in sight!

Vanquished Creatures
  3 dart slugs
  4 ball pythons
  4 bats
  3 endoplasms
  2 giant cockroaches (D:2)
  2 goblins (D:1)
  2 hobgoblins
  3 kobolds
  2 quokkas
  A frilled lizard (D:1)
  5 rats
31 creatures vanquished.

Vanquished Creatures (collateral kills)
  2 adders (D:2)
  A worm (D:2)
  A ball python (D:2)
  An endoplasm (D:2)
  2 goblins (D:2)
  A hobgoblin (D:2)
  4 jackals (D:2)
12 creatures vanquished.

Grand Total: 43 creatures vanquished

Notes
Turn   | Place    | Note
-------+----------+-------------------------------------------
     0 | D:1      | 27heaven the Barachi Hedge Wizard began the quest for the
                  | Orb.
     0 | D:1      | Reached XP level 1. HP: 13/13 MP: 4/4
   330 | D:1      | Reached XP level 2. HP: 17/19 MP: 6/6
   449 | D:1      | Found a faded altar of an unknown god.
   704 | D:1      | Learned a level 2 spell: Call Imp
   707 | D:1      | Learned a level 2 spell: Blink
   982 | D:1      | Got Kingaek's Monograph on Sinister Rites
  1131 | D:2      | Reached XP level 3. HP: 25/25 MP: 2/7
  1640 | D:2      | Reached skill level 1 in Fighting
  1865 | D:2      | Reached XP level 4. HP: 15/32 MP: 6/9
  2722 | D:2      | Noticed Sigmund
  2741 | D:2      | Killed from afar by Sigmund

Illustrated notes

Levels and vault maps discovered:
D:1:      evilmike_arrival_home_sweet_home, layout_basic,
          hellmonk_ecumenical_altar_heavens_door, chequers_jeans,
          corexii_item_surrounded_by_moat, minivault_27, minmay_tripent
D:2:      layout_basic, dreamdust_wishing_well,
          nicolae_concentric_dashed_squares_wild, uniq_sigmund

Skill      XL: |  1  2  3 |
---------------+----------+-----
Translocations | 2 |  2.1
Fighting       | 1 |  1.2
Conjurations   | 2 |  2.1
Summonings     | 2 |  2.1
Armour         | |  0.9
Dodging        | |  2.4
Stealth        | |  1.7
Spellcasting   | |  3.7

Action                   |  1- 3 |  4- 6 || total
-------------------------+-------+-------++-------
Melee: Dagger            |    77 |    45 ||   122
 Cast: Magic Dart        |    34 |       ||    34
       Call Imp          |     6 |     5 ||    11
  Use: Potion            |     1 |       ||     1
 Stab: Sleeping          |       |     4 ||     4
Armor: Robe              |    31 |     8 ||    39
Dodge: Dodged            |    75 |    23 ||    98

Table legend: (Time is in decaauts)
 A = Elapsed time spent in this place.
 B = Non-inter-level travel time spent in this place.
 C = Inter-level travel time spent in this place.
 D = Time resting spent in this place.
 E = Time spent auto-exploring this place.
 F = Levels seen in this place.
 G = Mean time per level.
                   A        B        C        D        E       F      G
               +--------+--------+--------+--------+--------+-----+--------+
         Total |   2938 |   2909 |     29 |    218 |   2162 |   2 | 1469.0 |
       Dungeon |   2938 |   2909 |     29 |    218 |   2162 |   2 | 1469.0 |
               +--------+--------+--------+--------+--------+-----+--------+

Top non-repeatable levels by time:
     D:2: 1722 daAuts
     D:1: 1216 daAuts
